Map: Dusk Towers

Players

ignite - Winner!

  • Race: Terran Terran
  • League: Master

Awesomesauce

  • Race: Protoss Protoss
  • League: Diamond

VOD

Have the link to the VOD?

Description

Time

  • Played on: Feb. 28, 2016, 11:13 a.m.
  • Length: 11:53
Show
View Real Time Build Order
Export as new Build Order

ignite Terran - Winner!

Build Orders: MMM Bio 

Get SALT Encoding   

  12  0:00  SCV  
  13  0:12  SCV  
  14  0:17  Supply Depot  
  14  0:24  SCV  
  15  0:39  SCV, Barracks  
  16  0:45  Refinery  
  16  0:51  SCV  
  17  1:03  SCV  
  18  1:16  Command Center  
  18  1:20  SCV  
  19  1:33  Orbital Command  
  19  1:38  Marine  
  20  1:45  Supply Depot  
  20  1:55  Marine  
  20  1:59  SCV  
  22  2:10  Barracks  
  22  2:12  SCV  
  23  2:17  Barracks, Marine  
  24  2:30  Orbital Command  
  24  2:34  SCV  
  24  2:35  Refinery  
  24  2:36  Marine, Refinery  
  26  2:46  SCV  
  27  2:56  SCV  
  28  2:59  Marine x2  
  28  3:05  SCV  
  31  3:07  Barracks Tech Lab  
  31  3:11  SCV  
  32  3:17  SCV  
  33  3:20  Command Center  
  33  3:21  Marine  
  33  3:22  Marine  
  33  3:23  SCV  
  36  3:31  Marine  
  36  3:32  Stimpack  
  36  3:33  SCV  
  38  3:35  Supply Depot  
  38  3:38  Supply Depot  
  38  3:40  SCV  
  39  3:43  Barracks Reactor  
  39  3:46  SCV  
  40  3:54  SCV  
  41  4:03  Factory, Engineering Bay  
  41  4:07  SCV x2  
  41  4:08  Marine x2  
  45  4:19  SCV x2  
  45  4:20  Marine x2  
  49  4:28  Terran Infantry Weapons Level 1  
  49  4:32  SCV x2  
  49  4:33  Orbital Command  
  49  4:34  Refinery  
  49  4:36  Marine  
  49  4:37  Marine  
  53  4:43  Marine x2  
  53  4:44  SCV  
  53  4:45  SCV  
  57  4:50  Starport  
  57  4:56  SCV  
  57  4:57  SCV  
  57  4:59  SCV  
  60  5:02  Barracks Tech Lab, Refinery  
  60  5:03  Factory Reactor  
  60  5:08  Marine x2, Marauder  
  60  5:11  SCV  
  60  5:12  SCV  
  66  5:16  SCV  
  66  5:18  Supply Depot  
  66  5:19  Supply Depot  
  67  5:23  Marauder  
  67  5:24  Orbital Command  
  67  5:26  SCV x2  
  71  5:30  Marine, Marauder  
  71  5:32  Combat Shields  
  71  5:34  Concussive Shells  
  74  5:44  Barracks  
  74  5:45  SCV, Barracks  
  74  5:46  SCV  
  74  5:47  Marine  
  74  5:48  Marauder  
  79  5:50  Marine  
  79  5:57  Viking, Medivac  
  79  5:59  SCV x3  
  86  6:07  Marine  
  86  6:08  Marauder  
  89  6:12  Marine, Marauder, Missile Turret  
  89  6:14  Missile Turret  
  92  6:18  SCV  
  92  6:23  Supply Depot x2  
  92  6:25  SCV, Marine  
  95  6:31  Medivac x2  
  99  6:34  SCV x2  
  99  6:38  Barracks Tech Lab  
  99  6:39  Barracks Tech Lab  
  101  6:40  Barracks Reactor  
  101  6:43  Supply Depot x2  
  101  6:47  Terran Infantry Armor Level 1  
  101  6:48  Marauder x2  
  101  6:49  SCV x2  
  101  6:50  SCV  
  108  6:55  Marine x2  
  110  7:04  SCV x3  
  113  7:13  Marine x2, Marauder  
  104  7:16  Marauder x2  
  104  7:22  Marine x2  
  98  7:23  SCV  
  98  7:24  SCV x2, Medivac x2  
  98  7:26  Supply Depot  
  98  7:28  Armory  
  98  7:29  Engineering Bay  
  107  7:31  Marine, Refinery x2  
  107  7:33  Marine  
  109  7:38  Barracks  
  109  7:39  Barracks  
  109  7:40  Barracks, Marauder x2  
  109  7:44  Marine x2, Marauder  
  117  7:51  Marine x2  
  119  8:03  Marine x2, Marauder x2  
  125  8:11  Marine x2, Command Center, Marauder  
  129  8:21  Marine x2  
  129  8:24  Marine, Marauder  
  134  8:31  Barracks Tech Lab x2, Barracks Reactor  
  134  8:33  Marine x2  
  136  8:46  Marine x2, Marauder  
  140  8:49  Marine  
  140  8:53  Supply Depot  
  140  8:54  Marauder  
  140  8:55  Supply Depot  
  141  9:13  Supply Depot x2, Terran Infantry Armor Level 2, Terran Infantry Weapons Level 2  
  141  9:14  Marine x3, Terran Vehicle Weapons Level 1, Marauder x2  
  141  9:16  Viking x2, Marine, Ghost Academy  
  157  9:17  Factory Reactor, Marauder x2  
  157  9:22  Supply Depot  
  157  9:23  Supply Depot  
  157  9:24  Starport, Marine  
  158  9:29  Command Center  
  158  9:32  Marauder  
  158  9:35  Marine x4  
  158  9:36  Marauder x2  
  158  9:38  Marauder  
  170  9:42  Marine, Marauder  
  173  9:53  Liberator x2  
  173  9:54  Marauder  
  173  9:57  Ghost  
  173  9:58  Marine x2, Marauder  
  173  9:59  Marauder  
  175  10:05  Marine x4, Marauder  
  181  10:12  Planetary Fortress  
  187  10:14  Marine  
  184  10:22  Ghost  
  184  10:23  Marine x2, Marauder  
  184  10:24  Viking x2  
  184  10:27  Marauder  
  184  10:28  Marine  
  197  10:34  Missile Turret  
  197  10:54  Ghost, Marine  
  200  11:05  Missile Turret  
Show
View Real Time Build Order
Export as new Build Order

Awesomesauce Protoss 

Build Orders: Nexus First, Colossus Rush 

Get SALT Encoding   

  12  0:01  Probe (Chrono Boost)  
  13  0:11  Probe (Chrono Boost)  
  14  0:21  Pylon  
  14  0:22  Probe (Chrono Boost)  
  15  0:40  Probe (Chrono Boost)  
  16  0:50  Probe (Chrono Boost)  
  17  0:58  Nexus  
  17  1:02  Probe (Chrono Boost)  
  18  1:11  Gateway  
  18  1:14  Probe (Chrono Boost)  
  19  1:21  Assimilator  
  19  1:25  Probe (Chrono Boost)  
  20  1:32  Pylon  
  20  1:35  Probe (Chrono Boost)  
  21  1:43  Assimilator  
  21  1:46  Probe (Chrono Boost)  
  22  1:56  Probe (Chrono Boost)  
  22  1:58  Cybernetics Core  
  23  2:07  Probe (Chrono Boost)  
  24  2:15  Gateway  
  24  2:17  Probe (Chrono Boost)  
  24  2:20  Probe (Chrono Boost)  
  26  2:28  Probe (Chrono Boost)  
  27  2:30  Probe (Chrono Boost)  
  27  2:34  Warp Gate  
  27  2:35  Adept  
  30  2:39  Mothership Core (Chrono Boost)  
  30  2:41  Probe (Chrono Boost)  
  33  2:50  Pylon  
  33  2:51  Probe (Chrono Boost)  
  33  2:57  Probe (Chrono Boost)  
  35  2:59  Robotics Facility  
  35  3:02  Adept  
  37  3:09  Adept  
  40  3:12  Probe (Chrono Boost)  
  40  3:14  Probe (Chrono Boost)  
  40  3:15  Assimilator  
  41  3:23  Probe (Chrono Boost)  
  41  3:25  Probe (Chrono Boost)  
  43  3:34  Probe (Chrono Boost)  
  44  3:35  Probe (Chrono Boost)  
  45  3:44  Probe (Chrono Boost)  
  46  3:51  Robotics Bay  
  46  3:52  Probe (Chrono Boost)  
  47  4:08  Adept x2, Probe (Chrono Boost)  
  52  4:10  Warp Prism (Chrono Boost)  
  52  4:14  Assimilator  
  54  4:22  Gateway, Pylon  
  54  4:28  Pylon  
  54  4:29  Pylon  
  54  4:39  Probe (Chrono Boost)  
  54  4:43  Disruptor (Chrono Boost)  
  54  4:45  Forge  
  58  4:52  Gateway  
  58  4:59  Gravitic Drive (Chrono Boost)  
  58  5:00  Nexus  
  58  5:04  Probe x2  
  60  5:08  Adept, Colossus  
  68  5:26  Protoss Ground Weapons Level 1 (Chrono Boost)  
  68  5:32  Probe x2  
  68  5:47  Probe x2  
  70  5:57  Colossus (Chrono Boost)  
  70  5:59  Probe  
  77  6:07  Twilight Council, Pylon  
  77  6:08  Gateway  
  77  6:09  Pylon  
  77  6:11  Gateway  
  72  6:31  Forge  
  72  6:33  Photon Cannon, Gateway  
  72  6:35  Photon Cannon x2  
  72  6:36  Probe  
  72  6:38  Photon Cannon  
  73  6:40  Sentry x3  
  79  6:50  Colossus (Chrono Boost)  
  84  7:02  Stalker  
  84  7:04  Stalker x2  
  84  7:05  Stalker  
  88  7:09  Protoss Ground Armor Level 1  
  78  7:21  Probe  
  78  7:22  Probe x2  
  81  7:31  Protoss Ground Weapons Level 2  
  81  7:34  Probe x2  
  81  7:36  Colossus (Chrono Boost)  
  89  7:45  Charge (Chrono Boost)  
  89  7:47  Zealot  
  89  7:48  Zealot x4  
  89  7:49  Zealot  
  101  8:04  Pylon  
  101  8:12  Assimilator  
  101  8:16  Assimilator, Pylon  
  101  8:19  Probe  
  101  8:21  Probe, Templar Archives  
  101  8:22  Probe  
  102  8:28  Colossus  
  104  8:49  Stalker x2  
  104  8:50  Psionic Storm  
  106  9:03  High Templar  
  106  9:05  Probe x2  
  106  9:07  Pylon, Probe  
  106  9:08  Pylon  
  109  9:11  Pylon  
  109  9:19  Pylon  
  109  9:25  Probe, Colossus  
  109  9:27  Protoss Ground Armor Level 2  
  116  9:31  High Templar x2  
  116  9:38  Nexus  
  120  9:40  Pylon  
  120  9:44  Photon Cannon  
  113  10:02  Zealot x3  
  113  10:03  Zealot x2  
  123  10:10  Pylon  
  123  10:12  Mothership Core, Pylon  
  123  10:13  Zealot x2  
  129  10:24  Zealot x2  
  129  10:25  Zealot x2  
  137  10:37  High Templar  
  137  10:38  Photon Cannon, High Templar  
  141  10:44  Photon Cannon  
  141  10:49  Probe  
  141  10:50  Probe x2  
  144  10:58  Pylon  
  144  11:04  Immortal, Probe  
  144  11:05  Pylon  
  149  11:15  Probe  
  149  11:25  Zealot x5  
  157  11:26  Zealot  
  159  11:43  Gateway  
  159  11:45  Gateway  
  111  11:48  Gateway  
Tags
 
Add a new tag
Caveats
  • Supply blocks, unpowered buildings, or Contaminate may cause inaccurate times.
  • Supply counts are checked every 10 seconds.